PCL
CALGARY COWBOYS @ SPOKANE TRAPPERS
07/16/2027
 
TOP OF THE 1ST
Calgary Cowboys batting - Pitching for Spokane Trappers : LHP Alberto Cabrera
Pitching: LHP Alberto Cabrera
Batting: LHB Enrico Vargas 0-0: SINGLE (Groundball, 13) (infield hit)
Batting: LHB José Liñares 0-0: Foul Ball, location: 2F
0-1: Ball
1-1: Called Strike
1-2: Ball
2-2: Foul Ball, location: 2F
2-2: Foul Ball, location: 2F
2-2: Strikes out swinging
Batting: RHB Todd Bryant 0-0: Fielders Choice at 2nd, 4-6 (Groundball, 4)
Batting: LHB Miguel Pérez 0-0: Called Strike
0-1: Called Strike
0-2: Ball
1-2: SINGLE (Line Drive, 34D)
Todd Bryant to second
Runner from 2nd tries for 3rd, SAFE, throw made to third
Miguel Pérez to second
Batting: RHB Jorge Balencia 0-0: Called Strike
0-1: Swinging Strike
0-2: Ball
1-2: Foul Ball, location: 2F
1-2: Ball
2-2: Strikes out swinging
Top of the 1st over - 0 run(s), 2 hit(s), 0 error(s), 2 left on base; Calgary 0 - Spokane 0
BOTTOM OF THE 1ST
Spokane Trappers batting - Pitching for Calgary Cowboys : RHP Pedro Leal
Pitching: RHP Pedro Leal
Batting: LHB Juan Viera 0-0: Ball
1-0: Ball
2-0: Ball
3-0: Called Strike
3-1: Ground out 3-1 (Groundball, 34)
Batting: RHB Robert Marks 0-0: Ball
1-0: Ball
2-0: Ball
3-0: Base on Balls
Batting: RHB Pedro Guzmán 0-0: Ball
1-0: Fly out, F9 (Flyball, 9S)
Batting: RHB José Gómez 0-0: SINGLE (Line Drive, 34D)
Robert Marks to second
Runner from 2nd tries for 3rd, SAFE, throw made to third
Batting: LHB Will Hill 0-0: Ball
1-0: Ball
2-0: Foul Ball, location: 2F
2-1: Foul Ball, location: 2F
2-2: Foul Ball, location: 2F
2-2: Ball
3-2: Strikes out looking
Bottom of the 1st over - 0 run(s), 1 hit(s), 0 error(s), 2 left on base; Calgary 0 - Spokane 0
TOP OF THE 2ND
Calgary Cowboys batting - Pitching for Spokane Trappers : LHP Alberto Cabrera
Batting: LHB Del Kennedy 0-0: Ball
1-0: Called Strike
1-1: Foul Ball, location: 2F
1-2: Ball
2-2: SINGLE (Groundball, 6MD)
Batting: RHB Ramón Martínez 0-0: Ball
1-0: Called Strike
1-1: Ball
2-1: SINGLE (Flyball, 7S)
Del Kennedy to second
Batting: RHB Tom Rowe 0-0: Called Strike
0-1: Ball
1-1: Fly out, F1 (Line Drive, 15)
Lined into DP, 1-3 (Line Drive, 15)
Batting: RHB Mario Sánchez 0-0: Called Strike
0-1: Fly out, F9 (Flyball, 9LMF)
Top of the 2nd over - 0 run(s), 2 hit(s), 0 error(s), 1 left on base; Calgary 0 - Spokane 0
BOTTOM OF THE 2ND
Spokane Trappers batting - Pitching for Calgary Cowboys : RHP Pedro Leal
Batting: RHB Enrico Rodríguez 0-0: Called Strike
0-1: Ball
1-1: Foul Ball, location: 2F
1-2: Ground out 4-3 (Groundball, 4)
Batting: SHB Glenn Vadnais 0-0: Called Strike
0-1: Ball
1-1: Called Strike
1-2: Fly out, F7 (Flyball, 7LM)
Batting: LHB Alan Moore 0-0: Ground out 6-3 (Groundball, 6)
Bottom of the 2nd over - 0 run(s), 0 hit(s), 0 error(s), 0 left on base; Calgary 0 - Spokane 0
TOP OF THE 3RD
Calgary Cowboys batting - Pitching for Spokane Trappers : LHP Alberto Cabrera
Batting: LHB Enrico Vargas 0-0: Swinging Strike
0-1: Fly out, F8 (Flyball, 8RD)
Batting: LHB José Liñares 0-0: Foul Ball, location: 2F
0-1: Foul Ball, location: 2F
0-2: Strikes out swinging
Batting: RHB Todd Bryant 0-0: Called Strike
0-1: Foul Ball, location: 2F
0-2: Ball
1-2: Ball
2-2: Strikes out swinging
Top of the 3rd over - 0 run(s), 0 hit(s), 0 error(s), 0 left on base; Calgary 0 - Spokane 0
BOTTOM OF THE 3RD
Spokane Trappers batting - Pitching for Calgary Cowboys : RHP Pedro Leal
Batting: RHB Alejandro Ramos 0-0: Ball
1-0: Fly out, F5 (Line Drive, 56)
Batting: LHB Juan Viera 0-0: Ball
1-0: Ball
2-0: Called Strike
2-1: Called Strike
2-2: Ground out 3-1 (Groundball, 34)
Batting: RHB Robert Marks 0-0: Fly out, F2 (Popup, 23)
Bottom of the 3rd over - 0 run(s), 0 hit(s), 0 error(s), 0 left on base; Calgary 0 - Spokane 0
TOP OF THE 4TH
Calgary Cowboys batting - Pitching for Spokane Trappers : LHP Alberto Cabrera
Batting: LHB Miguel Pérez 0-0: Ball
1-0: Ball
2-0: Ground out 4-3 (Groundball, 34)
Batting: RHB Jorge Balencia 0-0: Foul Ball, location: 2F
0-1: Ball
1-1: DOUBLE (Line Drive, 78XD)
Batting: LHB Del Kennedy 0-0: SINGLE (Flyball, 8LS)
Jorge Balencia to third
Batting: RHB Ramón Martínez 0-0: Swinging Strike
0-1: Ball
1-1: 3-RUN HOME RUN (Flyball, 78XD), Distance : 404 ft
Batting: RHB Tom Rowe 0-0: Ball
1-0: Ball
2-0: Ball
3-0: Called Strike
3-1: Base on Balls
Batting: RHB Mario Sánchez 0-0: Ball
1-0: Fly out, F7 (Flyball, 7)
Batting: LHB Enrico Vargas 0-0: Ball
1-0: Foul Ball, location: 2F
1-1: Ball
2-1: Called Strike
2-2: Foul Ball, location: 2F
2-2: Ball
3-2: Ground out 4-3 (Groundball, 4S)
Top of the 4th over - 3 run(s), 3 hit(s), 0 error(s), 1 left on base; Calgary 3 - Spokane 0
BOTTOM OF THE 4TH
Spokane Trappers batting - Pitching for Calgary Cowboys : RHP Pedro Leal
Batting: RHB Pedro Guzmán 0-0: Called Strike
0-1: Ball
1-1: Ball
2-1: DOUBLE (Groundball, 5L)
Batting: RHB José Gómez 0-0: Foul Ball, location: 2F
0-1: Ball
1-1: Called Strike
1-2: Foul Ball, location: 2F
1-2: Foul Ball, location: 2F
1-2: Ball
2-2: Ball
3-2: Strikes out swinging
Batting: LHB Will Hill 0-0: Called Strike
0-1: Ball
1-1: Ground out U3 (Groundball, 3)
Pedro Guzmán to third
Batting: RHB Enrico Rodríguez 0-0: Foul Ball, location: 2F
0-1: Ball
1-1: Foul Ball, location: 2F
1-2: Foul Ball, location: 2F
1-2: Foul Ball, location: 2F
1-2: Ball
2-2: Strikes out looking
Bottom of the 4th over - 0 run(s), 1 hit(s), 0 error(s), 1 left on base; Calgary 3 - Spokane 0
TOP OF THE 5TH
Calgary Cowboys batting - Pitching for Spokane Trappers : LHP Alberto Cabrera
Batting: LHB José Liñares 0-0: Ball
1-0: Ball
2-0: Called Strike
2-1: Ball
3-1: SINGLE (Groundball, 4MD)
Batting: RHB Todd Bryant 0-0: Called Strike
0-1: Ball
1-1: Ball
2-1: Foul Ball, location: 2F
2-2: Foul Ball, location: 2F
2-2: SINGLE (Groundball, 56) (infield hit)
José Liñares to second
Batting: LHB Miguel Pérez 0-0: Fly out, F7 (Flyball, 7LSF)
Batting: RHB Jorge Balencia 0-0: Ball
1-0: DOUBLE (Flyball, 78D)
José Liñares scores
Todd Bryant to third
Batting: LHB Del Kennedy 0-0: Ball
1-0: Ball
2-0: SINGLE (Line Drive, 8LS)
Todd Bryant scores
Jorge Balencia to third
Pitching: RHP Ramón Fonseca
Batting: RHB Ramón Martínez 0-0: Grounds into double play, 6-4-3 (Groundball, 6)
Top of the 5th over - 2 run(s), 4 hit(s), 0 error(s), 1 left on base; Calgary 5 - Spokane 0
BOTTOM OF THE 5TH
Spokane Trappers batting - Pitching for Calgary Cowboys : RHP Pedro Leal
Batting: SHB Glenn Vadnais 0-0: SINGLE (Groundball, 4MS) (infield hit)
Batting: LHB Alan Moore 0-0: Ball
1-0: Called Strike
1-1: Called Strike
1-2: Foul Ball, location: 2F
1-2: Grounds into double play, 4-6-3 (Groundball, 4)
Batting: RHB Alejandro Ramos 0-0: Called Strike
0-1: Called Strike
0-2: SINGLE (Groundball, 4MD)
Batting: LHB Juan Viera 0-0: Ball
1-0: DOUBLE (Line Drive, 89XD)
Alejandro Ramos to third
Batting: RHB Robert Marks 0-0: Ball
1-0: Swinging Strike
1-1: Swinging Strike
1-2: Ball
2-2: Ball
3-2: Ground out 6-3 (Groundball, 6)
Bottom of the 5th over - 0 run(s), 3 hit(s), 0 error(s), 2 left on base; Calgary 5 - Spokane 0
TOP OF THE 6TH
Calgary Cowboys batting - Pitching for Spokane Trappers : RHP Ramón Fonseca
Batting: RHB Tom Rowe 0-0: Called Strike
0-1: Foul Ball, location: 2F
0-2: SOLO HOME RUN (Flyball, 8LXD), Distance : 433 ft
Batting: RHB Mario Sánchez 0-0: Ball
1-0: Ball
2-0: Ball
3-0: Called Strike
3-1: Ground out 5-3 (Groundball, 56S)
Batting: LHB Enrico Vargas 0-0: Ball
1-0: Ball
2-0: Ground out U3 (Groundball, 34)
Batting: LHB José Liñares 0-0: Called Strike
0-1: Ball
1-1: Ball
2-1: SOLO HOME RUN (Flyball, 89XD), Distance : 385 ft
Batting: RHB Todd Bryant 0-0: Foul Ball, location: 2F
0-1: Swinging Strike
0-2: SINGLE (Groundball, 5D)
Batting: LHB Miguel Pérez 0-0: Called Strike
Todd Bryant is caught stealing 2nd base
Top of the 6th over - 2 run(s), 3 hit(s), 0 error(s), 0 left on base; Calgary 7 - Spokane 0
BOTTOM OF THE 6TH
Spokane Trappers batting - Pitching for Calgary Cowboys : RHP Pedro Leal
Batting: RHB Pedro Guzmán 0-0: Called Strike
0-1: Ball
1-1: Foul Ball, location: 2F
1-2: Foul Ball, location: 2F
1-2: Ground out 5-3 (Groundball, 56)
Batting: RHB José Gómez 0-0: Ball
1-0: Ball
2-0: Ball
3-0: Base on Balls
Batting: LHB Will Hill 0-0: Ball
1-0: Foul Ball, location: 2F
1-1: Ball
2-1: Ball
3-1: SINGLE (Groundball, 56S) (infield hit)
José Gómez to second
Batting: RHB Enrico Rodríguez 0-0: Ball
1-0: Ball
2-0: Swinging Strike
2-1: Swinging Strike
2-2: Strikes out swinging
Batting: SHB Glenn Vadnais 0-0: Ball
1-0: Fly out, F4 (Line Drive, 4)
Bottom of the 6th over - 0 run(s), 1 hit(s), 0 error(s), 2 left on base; Calgary 7 - Spokane 0
TOP OF THE 7TH
Calgary Cowboys batting - Pitching for Spokane Trappers : RHP Ramón Fonseca
Batting: LHB Miguel Pérez 0-0: Fly out, F5 (Line Drive, 56)
Batting: RHB Jorge Balencia 0-0: Ball
1-0: Ball
2-0: Called Strike
2-1: Ball
3-1: SINGLE (Line Drive, 78S)
Batting: LHB Del Kennedy 0-0: Ground out 4-3 (Groundball, 4MS)
Jorge Balencia to second
Batting: RHB Ramón Martínez 0-0: Ground out 6-3 (Groundball, 56)
Top of the 7th over - 0 run(s), 1 hit(s), 0 error(s), 1 left on base; Calgary 7 - Spokane 0
BOTTOM OF THE 7TH
Spokane Trappers batting - Pitching for Calgary Cowboys : RHP Pedro Leal
Batting: LHB Alan Moore 0-0: Ground out 4-3 (Groundball, 4)
Batting: RHB Alejandro Ramos 0-0: Ground out 5-3 (Groundball, 56)
Batting: LHB Juan Viera 0-0: Ball
1-0: Ball
2-0: SINGLE (Groundball, 34D)
Pitching: RHP Arthur Benson
Batting: RHB Robert Marks 0-0: Called Strike
0-1: SINGLE (Line Drive, 4MD)
Juan Viera to second
Batting: RHB Pedro Guzmán 0-0: Ball
1-0: 3-RUN HOME RUN (Flyball, 89XD), Distance : 389 ft
Pitching: RHP Bert Killick
Batting: RHB José Gómez 0-0: Ball
1-0: SINGLE (Groundball, 34D)
Batting: LHB Will Hill 0-0: Called Strike
0-1: Ball
1-1: Swinging Strike
1-2: Ball
2-2: Foul Ball, location: 2F
2-2: Foul Ball, location: 2F
2-2: Ball
3-2: Strikes out swinging
Bottom of the 7th over - 3 run(s), 4 hit(s), 0 error(s), 1 left on base; Calgary 7 - Spokane 3
TOP OF THE 8TH
Calgary Cowboys batting - Pitching for Spokane Trappers : RHP Ramón Fonseca
Batting: RHB Tom Rowe 0-0: Foul Ball, location: 2F
0-1: SINGLE (Groundball, 34D)
Batting: RHB Mario Sánchez 0-0: Ball
Tom Rowe steals 2nd base
1-0: Foul Ball, location: 2F
1-1: Reached on error, E6 (Groundball, 6)
Tom Rowe to third
Batting: LHB Enrico Vargas 0-0: Ball
1-0: Ball
2-0: Fielders Choice at 2nd, 6-4 (Groundball, 6)
Tom Rowe scores
Pitching: RHP José Navarro
Batting: LHB José Liñares 0-0: Called Strike
0-1: Ball
1-1: Ball
2-1: Ball
3-1: Called Strike
3-2: Foul Ball, location: 2F
3-2: 2-RUN HOME RUN (Flyball, 9D), Distance : 377 ft
Batting: RHB Todd Bryant 0-0: Ball
1-0: Called Strike
1-1: Called Strike
1-2: Ball
2-2: Ball
3-2: Ground out 4-3 (Groundball, 4)
Batting: LHB Miguel Pérez 0-0: Ball
1-0: Fly out, F9 (Flyball, 9)
Top of the 8th over - 3 run(s), 2 hit(s), 1 error(s), 0 left on base; Calgary 10 - Spokane 3
BOTTOM OF THE 8TH
Spokane Trappers batting - Pitching for Calgary Cowboys : RHP Bert Killick
Batting: RHB Enrico Rodríguez 0-0: Ball
1-0: Foul Ball, location: 2F
1-1: Foul Ball, location: 2F
1-2: Strikes out looking
Batting: SHB Glenn Vadnais 0-0: Ball
1-0: Called Strike
1-1: Ball
2-1: Ball
3-1: Base on Balls
Batting: LHB Alan Moore 0-0: Called Strike
0-1: Ball
1-1: Ball
2-1: Fly out, F9 (Line Drive, 9)
Batting: RHB Alejandro Ramos 0-0: Ball
1-0: Called Strike
1-1: Ball
2-1: Ball
3-1: Base on Balls
Glenn Vadnais to second
Batting: LHB Juan Viera 0-0: Called Strike
0-1: Ball
1-1: Foul Ball, location: 2F
1-2: Foul Ball, location: 2F
1-2: Ball
2-2: Foul Ball, location: 2F
2-2: Foul Ball, location: 2F
2-2: Foul Ball, location: 2F
2-2: Foul Ball, location: 2F
2-2: Strikes out swinging
Bottom of the 8th over - 0 run(s), 0 hit(s), 0 error(s), 2 left on base; Calgary 10 - Spokane 3
TOP OF THE 9TH
Calgary Cowboys batting - Pitching for Spokane Trappers : RHP José Navarro
Batting: RHB Jorge Balencia 0-0: Ball
1-0: Ball
2-0: Swinging Strike
2-1: Ball
3-1: SINGLE (Groundball, 25) (infield hit)
Pinch Hitting: RHB Dan Wyatt 0-0: Foul Ball, location: 2F
0-1: Foul Ball, location: 2F
0-2: 2-RUN HOME RUN (Flyball, 8RXD), Distance : 434 ft
Batting: RHB Ramón Martínez 0-0: Ball
1-0: Swinging Strike
1-1: Swinging Strike
1-2: Strikes out looking
Batting: RHB Tom Rowe 0-0: Ball
1-0: Called Strike
1-1: Foul Ball, location: 2F
1-2: Ball
2-2: Foul Ball, location: 2F
2-2: Hit by Pitch
Batting: RHB Mario Sánchez 0-0: Called Strike
Tom Rowe steals 2nd base
0-1: Called Strike
0-2: Ball
1-2: Strikes out swinging
Batting: LHB Enrico Vargas 0-0: Ball
1-0: Ball
2-0: Foul Ball, location: 2F
2-1: Foul Ball, location: 2F
2-2: Foul Ball, location: 2F
2-2: Fly out, F9 (Line Drive, 9D)
Top of the 9th over - 2 run(s), 2 hit(s), 0 error(s), 1 left on base; Calgary 12 - Spokane 3
BOTTOM OF THE 9TH
Spokane Trappers batting - Pitching for Calgary Cowboys : RHP Bert Killick
Now at 1B: Dan Wyatt
Batting: RHB Robert Marks 0-0: Called Strike
0-1: Ball
1-1: Ball
2-1: Foul Ball, location: 2F
2-2: Ball
3-2: Foul Ball, location: 2F
3-2: Base on Balls
Batting: RHB Pedro Guzmán 0-0: Swinging Strike
Passed Ball!
Robert Marks to second
0-1: Swinging Strike
0-2: Fly out, F2 (Popup, 23)
Batting: RHB José Gómez 0-0: Ball
1-0: Foul Ball, location: 2F
1-1: Ball
2-1: Foul Ball, location: 2F
2-2: Foul Ball, location: 2F
2-2: Strikes out looking
Batting: LHB Will Hill 0-0: Called Strike
0-1: Swinging Strike
0-2: Ground out 4-3 (Groundball, 4)
Bottom of the 9th over - 0 run(s), 0 hit(s), 0 error(s), 1 left on base; Calgary 12 - Spokane 3
Thursday, March 30th, 2017 - OOTP Baseball 17.12 Build 75